Map: Pillars of Gold LE

Players

Stats

  • Race: Protoss Protoss
  • Spawn Location: 7:00

Cure - Winner!

  • Race: Terran Terran
  • Spawn Location: 1:00

Event: IEM Katowice 2021

VOD

Have the link to the VOD?

Description

Time

  • Played on: Feb. 25, 2021, 11:40 a.m.
  • Length: 13:29

All games in this series

Show
View Real Time Build Order
Export as new Build Order

Stats Protoss 

Build Orders: 1 Gate Expand, Phoenix Opening, Colossus Rush 

Get SALT Encoding   

  12  0:00  Probe  
  13  0:12  Probe  
  14  0:18  Pylon  
  14  0:24  Probe (Chrono Boost)  
  15  0:37  Probe (Chrono Boost)  
  15  0:39  Gateway  
  16  0:45  Probe (Chrono Boost)  
  16  0:48  Assimilator  
  17  0:51  Probe  
  18  1:03  Probe  
  19  1:15  Probe  
  20  1:26  Cybernetics Core  
  20  1:35  Nexus  
  20  1:37  Probe  
  21  1:44  Pylon  
  21  1:48  Assimilator  
  21  1:52  Probe  
  22  2:00  Adept (Chrono Boost)  
  22  2:05  Probe  
  25  2:17  Stargate, Probe  
  25  2:20  Adept (Chrono Boost)  
  26  2:29  Probe  
  29  2:31  Warp Gate  
  29  2:43  Probe (Chrono Boost)  
  30  2:48  Probe (Chrono Boost)  
  30  2:51  Adept  
  33  2:57  Probe x2 (Chrono Boost)  
  35  3:01  Phoenix  
  35  3:02  Probe (Chrono Boost)  
  35  3:05  Probe  
  39  3:10  Pylon  
  39  3:14  Probe (Chrono Boost)  
  41  3:23  Probe (Chrono Boost)  
  41  3:25  Probe (Chrono Boost)  
  41  3:26  Phoenix  
  44  3:30  Probe (Chrono Boost)  
  45  3:37  Probe  
  46  3:41  Probe  
  46  3:48  Assimilator  
  47  3:49  Robotics Facility, Probe  
  47  3:51  Gateway  
  47  3:53  Probe  
  47  3:55  Phoenix (Chrono Boost)  
  49  4:01  Probe  
  50  4:04  Pylon  
  50  4:06  Probe  
  50  4:08  Assimilator  
  51  4:11  Phoenix (Chrono Boost)  
  51  4:13  Probe  
  54  4:22  Probe  
  55  4:25  Pylon  
  55  4:26  Probe  
  55  4:28  Adept  
  58  4:34  Probe  
  58  4:37  Observer  
  60  4:48  Nexus  
  60  4:49  Robotics Bay  
  60  4:50  Pylon  
  60  4:58  Immortal  
  64  5:01  Probe x2  
  64  5:05  Shield Battery  
  66  5:08  Shield Battery  
  66  5:11  Sentry  
  66  5:12  Adept  
  70  5:14  Probe x2  
  72  5:26  Probe  
  72  5:27  Probe  
  74  5:32  Forge  
  74  5:33  Twilight Council  
  74  5:41  Pylon  
  74  5:49  Pylon, Cybernetics Core  
  74  5:54  Gateway  
  74  5:56  Colossus (Chrono Boost)  
  74  5:59  Pylon  
  82  6:04  Stalker  
  82  6:08  Probe x2  
  82  6:09  Probe  
  82  6:12  Gateway  
  82  6:18  Zealot  
  84  6:19  Protoss Ground Weapons Level 1, Charge  
  84  6:27  Extended Thermal Lance  
  84  6:37  Colossus (Chrono Boost)  
  88  6:42  Probe x3  
  88  6:44  Stalker  
  88  6:45  Sentry  
  93  6:59  Probe x3  
  88  7:05  Stalker  
  88  7:07  Gateway  
  90  7:09  Zealot, Sentry  
  90  7:11  Gateway  
  90  7:12  Sentry  
  90  7:14  Probe x3  
  90  7:15  Shield Battery, Phoenix  
  101  7:30  Colossus, Pylon  
  101  7:31  Pylon  
  101  7:32  Zealot  
  101  7:33  Pylon  
  101  7:36  Pylon  
  109  7:47  Phoenix  
  110  7:53  Zealot x3  
  110  7:54  Zealot  
  112  8:06  Probe x3  
  109  8:12  Phoenix  
  109  8:18  Zealot x6  
  120  8:23  Colossus (Chrono Boost)  
  120  8:27  Pylon x2  
  126  8:37  Phoenix  
  126  8:43  Zealot  
  126  8:45  Protoss Ground Armor Level 1 (Chrono Boost)  
  127  8:49  Blink, Probe x3  
  127  8:51  Assimilator  
  127  8:54  Zealot, Assimilator  
  132  9:02  Zealot x4  
  140  9:06  Zealot  
  140  9:09  Warp Prism (Chrono Boost)  
  114  9:22  Probe x3  
  114  9:23  Zealot x3  
  123  9:25  Templar Archives  
  123  9:36  Sentry  
  125  9:40  Zealot  
  125  9:41  Zealot  
  129  9:47  Photon Cannon  
  129  10:00  Zealot x4  
  129  10:06  Gateway x2, High Templar x2  
  141  10:09  Observer (Chrono Boost)  
  141  10:12  Archon  
  141  10:13  Probe x3  
  145  10:22  High Templar x4  
  145  10:26  Archon x2  
  145  10:27  Pylon  
  149  10:29  Pylon  
  149  10:30  Pylon  
  143  10:44  Zealot x2  
  141  10:52  Colossus (Chrono Boost)  
  141  10:54  Zealot x4  
  121  11:08  Zealot x3  
  81  11:32  High Templar x2  
  54  12:17  Probe  
  55  12:29  Probe  
  56  12:41  Probe  
  57  12:53  Probe  
Show
View Real Time Build Order
Export as new Build Order

Cure Terran - Winner!

Build Orders: Reaper Expand 

Get SALT Encoding   

  12  0:00  SCV  
  13  0:12  SCV  
  14  0:17  Supply Depot  
  14  0:24  SCV  
  15  0:39  SCV  
  15  0:40  Barracks  
  16  0:44  Refinery  
  16  0:51  SCV  
  17  1:03  SCV  
  18  1:15  SCV  
  19  1:27  Reaper, Orbital Command  
  20  1:42  Command Center  
  20  1:52  Supply Depot  
  20  1:54  SCV  
  21  1:59  Marine  
  22  2:06  SCV  
  23  2:18  SCV, Barracks Reactor, Bunker  
  24  2:26  Barracks  
  24  2:30  SCV  
  24  2:32  Refinery  
  25  2:42  SCV  
  25  2:43  Factory  
  26  2:54  SCV, Orbital Command  
  27  2:59  Marine x2  
  29  3:06  SCV  
  30  3:13  Barracks Tech Lab  
  30  3:18  SCV  
  32  3:20  SCV, Marine x2  
  34  3:30  SCV  
  34  3:32  SCV  
  35  3:43  SCV, Marine x2  
  35  3:44  SCV  
  35  3:47  Starport  
  38  3:49  Factory Reactor  
  38  3:55  SCV  
  39  3:56  SCV, Marine, Stimpack  
  39  4:00  Supply Depot  
  39  4:02  Marine, Supply Depot  
  41  4:03  Marine  
  41  4:07  SCV  
  41  4:08  SCV  
  45  4:14  Marine  
  45  4:20  SCV x2  
  45  4:22  Marine x2  
  48  4:32  SCV x2, Marine  
  48  4:36  Medivac x2  
  55  4:39  Marine x2  
  55  4:45  Engineering Bay  
  57  4:46  SCV x2  
  57  4:47  Supply Depot  
  57  4:49  Marine  
  60  4:57  Marine x2  
  62  5:03  Supply Depot  
  62  5:04  Factory Reactor  
  62  5:09  SCV x2  
  62  5:12  Marine  
  65  5:14  Terran Infantry Weapons Level 1  
  65  5:15  Marine x2  
  65  5:18  Supply Depot  
  65  5:21  Medivac, SCV x2  
  67  5:25  Medivac  
  68  5:33  SCV x2, Marine, Supply Depot, Refinery  
  68  5:34  Supply Depot, Marine  
  68  5:35  Marine  
  73  5:40  Combat Shield  
  73  5:45  SCV x2  
  75  5:51  Marine x2  
  75  5:53  Marine  
  78  5:57  SCV x2  
  78  5:59  Supply Depot  
  78  6:02  Armory  
  78  6:09  Marine x2  
  78  6:11  Marine  
  81  6:13  Widow Mine  
  81  6:14  Widow Mine  
  81  6:18  Medivac  
  87  6:19  SCV  
  87  6:20  SCV  
  87  6:22  Missile Turret  
  87  6:24  Supply Depot  
  89  6:26  Barracks  
  89  6:30  Marine x3  
  92  6:38  SCV  
  92  6:39  SCV  
  94  6:44  Command Center  
  94  6:48  Marine x3  
  94  6:50  Widow Mine x2  
  87  7:06  Marine x3  
  89  7:09  Medivac x2  
  89  7:11  SCV  
  89  7:12  SCV, Barracks Tech Lab  
  89  7:13  Terran Infantry Armor Level 1  
  95  7:19  Refinery  
  95  7:20  Barracks  
  95  7:24  SCV x2  
  95  7:25  Barracks  
  95  7:27  Marauder, Marine x2  
  101  7:30  Widow Mine x2  
  101  7:36  Marauder, Concussive Shells  
  107  7:38  SCV x2  
  107  7:41  Medivac  
  111  7:50  SCV x2  
  112  8:00  Marauder, Marine x3  
  102  8:09  Widow Mine  
  102  8:10  Barracks Tech Lab  
  100  8:14  Barracks Reactor  
  100  8:15  Widow Mine  
  100  8:16  Medivac x2  
  100  8:17  SCV  
  100  8:18  Marauder, Marine x2  
  109  8:20  Orbital Command  
  109  8:22  Marauder  
  109  8:26  SCV  
  112  8:29  SCV, Marauder  
  112  8:30  Widow Mine  
  117  8:35  Marine  
  117  8:38  SCV  
  117  8:39  Marine  
  117  8:40  Marauder  
  117  8:41  SCV  
  120  8:43  Marauder  
  120  8:44  Widow Mine  
  120  8:46  Medivac, SCV  
  127  8:50  SCV, Marine  
  127  8:51  Widow Mine, Supply Depot  
  127  8:53  Marine  
  130  8:57  Marine  
  130  8:59  Marine x2  
  130  9:02  Marauder  
  132  9:04  Marine  
  132  9:09  Marauder  
  133  9:11  Marine  
  133  9:15  Medivac, Widow Mine x2, Marine  
  133  9:16  Marine x2  
  133  9:22  Marauder  
  133  9:23  Marauder  
  135  9:27  Terran Infantry Weapons Level 2  
  135  9:29  Marine  
  135  9:31  Marauder  
  136  9:32  SCV, Marine  
  136  9:33  Medivac, SCV x2  
  136  9:34  Marine x2  
  135  9:41  Refinery  
  135  9:42  Refinery  
  135  9:43  Widow Mine x2  
  135  9:44  Marauder, Supply Depot  
  135  9:45  Supply Depot x2  
  141  9:52  Marine x2  
  139  9:54  Marauder, Marine  
  139  9:59  Marine  
  141  10:05  Marine  
  141  10:06  Marauder  
  144  10:07  Ghost Academy  
  144  10:08  Starport  
  144  10:10  Marine x2  
  144  10:11  Medivac x2  
  144  10:12  Widow Mine  
  144  10:13  Marauder  
  144  10:14  Supply Depot  
  154  10:15  Supply Depot x2  
  154  10:20  Widow Mine  
  154  10:33  Marine x4  
  154  10:34  Marauder x2, Marine  
  154  10:35  Widow Mine  
  160  10:41  Widow Mine  
  141  10:51  Marine x3  
  141  10:52  Marauder  
  141  10:55  Marauder  
  137  10:59  Viking  
  139  11:08  Marauder, Marine  
  139  11:09  Marine  
  124  11:26  Marauder, Marine  
  124  11:27  Marine  
  124  11:37  Marauder  
  100  11:57  Orbital Command  
  84  12:01  Orbital Command  
  76  12:20  Orbital Command  
  78  12:25  Viking x2  
  75  12:48  Ghost  
  74  13:07  Marine x2  

Tags
 
Add a new tag
Caveats
  • Supply blocks, unpowered buildings, or Contaminate may cause inaccurate times.
  • Supply counts are checked every 10 seconds.